 Dungeon Crawl Stone Soup version 0.31-a0-1616-gbeaec30b81 (webtiles) character file.

Game seed: 15761583518800467577

1531116 snackwell the Rich (level 27, 222/222 HPs)
             Began as a Gnoll Hunter on Jan 8, 2024.
             Was an Initiate of Gozag.
             Escaped with the Orb
             ... and 3 runes on Jan 11, 2024!
             The game lasted 06:23:00 (82097 turns).

snackwell the Rich (Gnoll Hunter)                  Turns: 82097, Time: 06:23:00

Health: 222/222    AC: 27    Str: 24    XL:     27
Magic:  45/45      EV: 32    Int: 13    God:    Gozag
Gold:   4556       SH:  0    Dex: 26    Spells: 7/63 levels left

rFire   + + +        a - +8 longbow of Doom {speed, rN+++ Will- Str+10 Stlth-}
rCold   . . .        (shield currently unavailable)
rNeg    + + +        d - +5 scale mail of the Gloaming {rF+ rN+ Will+}
rPois   +            C - +0 hat "Wafoem" {^Contam rElec rN+ rCorr}
rElec   +            N - +2 cloak {Will+}
rCorr   +            m - +2 pair of gloves {Dex+3}
SInv    +            z - +2 pair of boots
Will    ++++.        A - amulet "Saskeuky" {^Fragile rPois Regen+ Dex+5 Slay+2}
Stlth   ++           Z - ring of Miracles {rF+ rCorr EV+5}
HPRegen 0.00/turn    Q - ring "Tobb" {rPois rF+ rN+ Will+ SInv}
MPRegen 0.29/turn

%: no passive effects
@: inhibited regen, hasted, very quick
A: fangs 1, strong nose, distributed training, horns 2, dopey 1, inhibited
regeneration, weak 1, subdued magic 2
0: Orb of Zot
}: 3/15 runes: barnacled, slimy, gossamer
a: Renounce Religion, Potion Petition, Call Merchant, Bribe Branch


You escaped.
You worshipped Gozag.
Gozag was most pleased with you.
You visited 11 branches of the dungeon, and saw 54 of its levels.
You also visited: Ossuary, Bailey and Gauntlet.

You collected 31166 gold pieces.
You spent 3045 gold pieces at shops.
You paid 23565 gold pieces to Gozag.

Inventory:

Hand Weapons
 a - the +8 longbow of Doom (weapon) {speed, rN+++ Will- Str+10 Stlth-}
   (You found it on level 2 of the Shoals)

   Str+10:    It affects your strength (+10).
   rN+++:     It renders you almost immune to negative energy.
   Will-:     It decreases your willpower.
   Stlth-:    It makes you less stealthy.
 b - a +9 quick blade of electrocution
   (You took it off a deep elf knight on level 3 of the Elven Halls)
 c - the +8 mithril axe "Arga" {speed, Will+}
   (You found it on level 9 of the Dungeon)

   Will+:     It increases your willpower.
 f - the +7 hand axe of Cheibriados's Favour {flame, +Blink Will++ rCorr}
   (You found it on level 1 of the Realm of Zot)

   Will++:    It greatly increases your willpower.
   +Blink:    It lets you blink.
   rCorr:     It protects you from acid and corrosion.
Missiles
 e - 34 javelins
 i - 9 curare-tipped darts (quivered)
 M - 14 silver javelins
 W - 6 throwing nets
Armour
 d - the +5 scale mail of the Gloaming (worn) {rF+ rN+ Will+}
   (You bought it in a shop on level 2 of the Orcish Mines)

   rF+:       It protects you from fire.
   rN+:       It protects you from negative energy.
   Will+:     It increases your willpower.
 m - a +2 pair of gloves of dexterity (worn)
   (You found it on level 5 of the Pits of Slime)
 z - a +2 pair of boots (worn)
   (You found it on level 4 of the Dungeon)
 C - the +0 hat "Wafoem" (worn) {^Contam rElec rN+ rCorr}
   (You bought it in a shop on level 2 of the Vaults)

   rElec:     It insulates you from electricity.
   rN+:       It protects you from negative energy.
   ^Contam:   It causes magical contamination when unequipped.
   rCorr:     It protects you from acid and corrosion.
 N - a +2 cloak of willpower (worn)
   (You found it on level 3 of the Depths)
Jewellery
 l - a ring of flight
   (You found it on level 2 of the Crypt)
 A - the amulet "Saskeuky" (around neck) {^Fragile rPois Regen+ Dex+5 Slay+2}
   (You acquired it on level 1 of the Shoals)

   [amulet of regeneration]

   Dex+5:     It affects your dexterity (+5).
   Slay+2:    It affects your accuracy & damage with ranged weapons and melee
   (+2).
   rPois:     It protects you from poison Regen+: It increases your rate of
   health regeneration.
   ^Fragile:  It will be destroyed if unequipped.
 Q - the ring "Tobb" (right hand) {rPois rF+ rN+ Will+ SInv}
   (You found it on level 5 of the Pits of Slime)

   [ring of see invisible]

   rF+:       It protects you from fire.
   rPois:     It protects you from poison rN+: It protects you from negative
   energy.
   Will+:     It increases your willpower.
   SInv:      It lets you see invisible.
 Z - the ring of Miracles (left hand) {rF+ rCorr EV+5}
   (You found it on level 3 of the Depths)

   [ring of evasion]

   EV+5:      It affects your evasion (+5).
   rF+:       It protects you from fire.
   rCorr:     It protects you from acid and corrosion.
Wands
 j - a wand of paralysis (25)
   (You found it on level 1 of the Elven Halls)
 I - a wand of quicksilver (53)
   (You took it off a gnoll on level 7 of the Dungeon)
 L - a wand of iceblast (39)
   (You found it on level 7 of the Dungeon)
 P - a wand of mindburst (31)
   (You found it on level 5 of the Pits of Slime)
 Y - a wand of digging (42)
   (You found it on level 3 of the Spider Nest)
Scrolls
 g - 11 scrolls of teleportation
 q - 5 scrolls of summoning
 s - 4 scrolls of fear
 v - 2 scrolls of torment
 x - 4 scrolls of poison
 y - 4 scrolls of silence
 B - 11 scrolls of fog
 E - 2 scrolls of blinking
 H - 4 scrolls of revelation
 S - a scroll of vulnerability
 U - a scroll of butterflies
Potions
 h - 7 potions of brilliance
 k - 3 potions of magic
 n - 7 potions of lignification
 o - 14 potions of curing
 p - 6 potions of heal wounds
 r - 7 potions of ambrosia
 u - 2 potions of haste
 w - 8 potions of enlightenment
 D - 4 potions of cancellation
 F - 5 potions of invisibility
 J - 2 potions of berserk rage
 K - 2 potions of resistance
 R - 4 potions of might
Miscellaneous
 t - a condenser vane (inert)
   (You found it on level 1 of the Vaults)
 G - a box of beasts
   (You found it on level 4 of the Shoals)
 O - a phial of floods
   (You found it in a Gauntlet)
 T - a phantom mirror
   (You found it on level 4 of the Shoals)
 X - a lightning rod (4/4)
   (You found it on level 4 of the Shoals)


   Skills:
 + Level 19.4 Fighting
 + Level 18.9 Short Blades
 + Level 18.9 Long Blades
 + Level 18.9 Axes
 + Level 18.9 Maces & Flails
 + Level 18.9 Polearms
 + Level 18.9 Staves
 + Level 20.4 Ranged Weapons
 + Level 18.9 Throwing
 + Level 18.9 Armour
 + Level 19.4 Dodging
 + Level 19.0 Stealth
 + Level 18.9 Shields
 + Level 18.9 Unarmed Combat
 + Level 18.9 Spellcasting
 + Level 16.1 Conjurations
 + Level 16.1 Hexes
 + Level 16.1 Summonings
 + Level 16.1 Necromancy
 + Level 16.1 Translocations
 + Level 16.1 Fire Magic
 + Level 16.1 Ice Magic
 + Level 16.1 Air Magic
 + Level 16.1 Earth Magic
 + Level 16.1 Alchemy
 + Level 20.4 Invocations
 + Level 18.9 Evocations
 + Level 17.4 Shapeshifting


You had 7 spell levels left.
You knew the following spells:

 Your Spells              Type           Power      Damage    Failure   Level
a - Summon Ice Beast      Ice/Summ       33%        N/A       0%          3
b - Iskenderun's Mystic   Conj/Tloc      33%        2d8       1%          4
c - Summon Blazeheart Go  Fire/Summ      33%        N/A       1%          4
d - Fireball              Conj/Fire      16%        3d8       1%          5
e - Mephitic Cloud        Conj/Alch/Air  33%        N/A       0%          3
f - Irradiate             Conj/Alch      16%        3d17      1%          5
g - Summon Mana Viper     Hex/Summ       33%        N/A       1%          5
h - Plasma Beam           Fire/Air       16%        2x1d28    1%          6
s - Spellforged Servitor  Conj/Summ      16%        N/A       5%          7
t - Tukima's Dance        Hex            33%        N/A       0%          3
v - Yara's Violent Unrav  Hex/Alch       16%        3d8       1%          5
w - Dispersal             Tloc           16%        N/A       1%          6

Your spell library contained the following spells:

 Spells                   Type           Power      Damage    Failure   Level
 Apportation              Tloc           66%        N/A       0%          1
 Foxfire                  Conj/Fire      100%       2x1d9     0%          1
 Freeze                   Ice            100%       1d10      0%          1
 Magic Dart               Conj           100%       1d8       0%          1
 Necrotise                Necr           100%       1d9       0%          1
 Sandblast                Erth           66%        2d15      0%          1
 Shock                    Conj/Air       100%       1d9       0%          1
 Sting                    Conj/Alch      100%       1d9       0%          1
 Summon Small Mammal      Summ           100%       N/A       0%          1
 Blink                    Tloc           66%        N/A       0%          2
 Call Imp                 Summ           66%        N/A       0%          2
 Ensorcelled Hibernation  Hex/Ice        66%        N/A       0%          2
 Lesser Beckoning         Tloc           66%        N/A       0%          2
 Mercury Vapours          Alch/Air       66%        N/A       0%          2
 Momentum Strike          Conj/Tloc      66%        3d9       0%          2
 Scorch                   Fire           66%        2d7       0%          2
 Searing Ray              Conj           66%        2d6       0%          2
 Sublimation of Blood     Necr           33%        N/A       0%          2
 Call Canine Familiar     Summ           33%        N/A       0%          3
 Dazzling Flash           Conj/Hex       66%        N/A       0%          3
 Frozen Ramparts          Ice            66%        1d10      0%          3
 Gell's Gravitas          Tloc           33%        N/A       0%          3
 Hailstorm                Conj/Ice       33%        3d8       0%          3
 Passwall                 Erth           33%        N/A       0%          3
 Stone Arrow              Conj/Erth      66%        3d11      0%          3
 Swiftness                Air            33%        N/A       0%          3
 Teleport Other           Tloc           33%        N/A       0%          3
 Airstrike                Air            16%        2d(3-19)  1%          4
 Animate Armour           Summ/Erth      66%        N/A       1%          4
 Brom's Barrelling Bould  Conj/Erth      33%        2d5       1%          4
 Dimensional Bullseye     Hex/Tloc       16%        N/A       1%          4
 Flame Wave               Conj/Fire      33%        2d10      1%          4
 Fulminant Prism          Conj/Alch      16%        3d10      1%          4
 Ignite Poison            Fire/Alch      33%        N/A       1%          4
 Leda's Liquefaction      Alch/Erth      16%        N/A       1%          4
 Martyr's Knell           Necr/Summ      33%        N/A       1%          4
 Olgreb's Toxic Radiance  Alch           33%        N/A       1%          4
 Petrify                  Alch/Erth      33%        N/A       1%          4
 Sticky Flame             Fire/Alch      33%        2d7       1%          4
 Vhi's Electric Charge    Tloc/Air       66%        N/A       1%          4
 Alistair's Intoxication  Alch           22%        N/A       1%          5
 Arcjolt                  Conj/Air       16%        1d26      1%          5
 Curse of Agony           Necr           33%        N/A       1%          5
 Freezing Cloud           Conj/Ice/Air   16%        6-21      1%          5
 Lee's Rapid Deconstruct  Erth           16%        3d10*     1%          5
 Metabolic Englaciation   Hex/Ice        16%        N/A       1%          5
 Silence                  Hex/Air        16%        N/A       1%          5
 Summon Forest            Summ/Tloc      16%        N/A       1%          5
 Conjure Ball Lightning   Conj/Air       16%        3x3d6     1%          6
 Eringya's Noxious Bog    Alch           16%        4d6       1%          6
 Sculpt Simulacrum        Ice/Alch       16%        N/A       1%          6
 Starburst                Conj/Fire      16%        6d6       1%          6
 Summon Cactus Giant      Summ           16%        N/A       1%          6
 Haunt                    Necr/Summ      16%        N/A       5%          7
 Malign Gateway           Summ/Tloc      16%        N/A       5%          7
 Monstrous Menagerie      Summ           16%        N/A       5%          7
 Orb of Destruction       Conj           16%        9d7       5%          7
 Ozocubu's Refrigeration  Ice            16%        4d11      5%          7
 Summon Hydra             Summ           16%        N/A       5%          7
 Discord                  Hex            16%        N/A       47%         8
 Ignition                 Fire           16%        3d7       47%         8
 Lehudib's Crystal Spear  Conj/Erth      16%        10d5      47%         8
 Summon Horrible Things   Summ           16%        N/A       47%         8
 Chain Lightning          Conj/Air       16%        3d22      100%        9
 Fire Storm               Conj/Fire      16%        8d4       100%        9
 Shatter                  Erth           16%        3d16*     100%        9
 Animate Dead             Necr           Unusable   N/A       N/A         4

Dungeon Overview and Level Annotations

Branches:
Dungeon (15/15)            Temple (0/1) D:4            Lair (5/5) D:10
 Shoals (4/4) Lair:2       Spider (4/4) Lair:3        Slime (5/5) Lair:5
    Orc (2/2) D:10            Elf (3/3) Orc:2        Vaults (4/5) D:13
  Crypt (3/3) Vaults:2       Tomb (0/3) Crypt:3      Depths (4/4) D:15
    Zot (5/5) Depths:4    Ossuary (visited)          Bailey (visited)
Gauntlet (visited)

Altars:
Elyvilon
Fedhas
Gozag
Kikubaaqudgha
Okawaru
Qazlal
Trog
Uskayaw
Vehumet
Xom
Yredelemnul
Zin
Jiyva

Shops:
Orc:1 (   Orc:2 ?[?*[[   Elf:1 [   Elf:2 (   Vaults:1 (   Vaults:2 [[
Vaults:3 *   Depths:4 (=([

Portals:
Hell: Depths:1 Depths:2 Depths:3 Depths:4
Abyss: Depths:3 Depths:4
Pandemonium: Depths:1 Depths:2
Ziggurat: Depths:2

Annotations:
D:11 1 runed translucent door
Lair:4 exclusion: water moccasin, Rupert
Shoals:4 Mara
Orc:2 1 exclusion
Elf:1 2 transporters, Heg Cuhi's ghost, adept MiFi
Elf:2 3 runed translucent doors
Vaults:3 1 runed translucent door, Yhagabbo's ghost, adept DrCj
Crypt:1 1 runed translucent door, Uroast's ghost, veteran MiGl
Crypt:3 Zogul's ghost, veteran MiGl
Depths:3 exclusions: spriggan air mage and vampire knight, Parghit


Innate Abilities, Weirdness & Mutations

You have very sharp teeth.
Your uncanny sense of smell can sniff out nearby items.
Your experience applies equally to all skills.
You have a pair of horns on your head.
You are dopey. (Int -2)
You do not regenerate when monsters are visible.
You are weak. (Str -2)
Your spells are easier to cast, but less powerful.


Message History

Unknown command.
Unknown command.
Unknown command.
Unknown command.
Unknown command.
Unknown command.
Okay, then.
Unknown command.
Unknown command.
Okay, then.
Unknown command.
Press: ? - help, v - describe, . - travel
Here: Yschaf (slightly transparent)
The floor.
You feel yourself speed up.
There is a stone staircase leading up here.
You climb upwards.
There is a stone staircase leading down here.
There is an open door here.
There is an open door here.
There is a stone staircase leading up here.
You climb upwards.
There is a stone staircase leading down here.
Your extra speed is starting to run out.
There is a stone staircase leading up here.
You climb upwards.
There is a stone staircase leading down here.
You open the door.
There is an open door here.
Okay, then.
You feel as though your hastened speed will last longer.
An Orb Guardian comes into view.
Unknown command.
A Souvynei and a tormentor come into view.
Unknown command.
Unknown command.
Press: ? - help, v - describe, . - travel
Here: Souvynei (surrounded by freezing clouds)
The floor.
Aiming: Dig
Press: ? - help, Shift-Dir - straight line, f - you Please select a direction to dig.
This square is covered in magical glow.
The rock shatters into small pieces.
Blink to where?
Press: ? - help, Dir - move target
As you read the scroll of blinking, it crumbles to dust.
Souvynei gestures.
Souvynei flickers and vanishes for a moment.
You have escaped!

.##[...# #...##.#.#.#...# #
..#....# #......#.#.#...######
#......# #⌠.....'.#.#.........
##.....# #......#.#....>#####.
#.....# #≈..##.#....#..# #.
#..#+## #≈≈..#.#....#..# #.
#....# #≈≈≈...#.#..#..#####.
###...####
#≈≈≈...#.#...........
.........#
#⌠≈≈@..#.##.#..######
#####.##.#######.###.##.#..###
#.##...#............#..#.#
#####.####...###☼###.####..#.#
.............☼.&§###'####..#.#
#####.#####2.###☼.......#..#.#
..# #.# ##.........X.......#
..###.# #.###....)...#..#.#
..'...# #.###........#..#.####


You could see Souvynei (invisible, clouds).

Vanquished Creatures
  the Royal Jelly (Slime:5)
  A dread lich (Zot:5)
  An orb of fire (Zot:2)
  A juggernaut (Depths:3)
  Vv (Depths:4)
  Saint Roka (Vaults:4)
  Bai Suzhen (Vaults:3)
  4 curse toes
  10 golden dragons
  3 caustic shrikes (Depths:4)
  The ghost of DeathSocks the Acolyte, a veteran GrFi of the Shining One (Depths:4)
  A profane servitor (Crypt:3)
  Nikola (Depths:1)
  the Enchantress (Depths:4)
  2 electric golems (Zot:5)
  Norris (Depths:1)
  A Tzitzimitl (Zot:3)
  8 tentacled monstrosities
  3 liches
  2 walking earthen tomes
  A walking crystal tome (Depths:3)
  10 Orb Guardians
  2 walking divine tomes
  6 death cobs
  5 quicksilver dragons
  19 acid blobs
  4 sphinxes
  2 deep elf master archers (Elf:3)
  3 deep elf blademasters
  An Executioner (Zot:3)
  10 ancient champions
  Polyphemus (Shoals:4)
  8 shadow dragons
  Ilsuiw (Shoals:3)
  Aizul (Spider:1)
  3 draconian knights
  7 tengu reavers
  2 storm dragons
  A protean progenitor (Zot:2)
  3 revenants (Crypt:3)
  11 fire giants
  9 azure jellies
  8 rockslimes
  14 frost giants
  3 iron dragons
  2 draconian monks
  4 emperor scorpions
  9 deep elf sorcerers
  11 vault wardens
  2 draconian shifters
  8 ghost moths
  A curse skull (Crypt:3)
  15 ironbound preservers
  A draconian scorcher (Zot:4)
  8 deep elf elementalists
  A ghoul (Crypt:3)
  4 reapers
  An orc warlord (Vaults:3)
  3 draconian stormcallers
  A draconian annihilator (Zot:1)
  11 very ugly things
  4 broodmothers
  5 spriggan defenders
  A cacodemon (Zot:3)
  8 ironbound thunderhulks
  16 stone giants
  9 green draconians
  6 quicksilver oozes
  7 formless jellyfish
  6 deep elf demonologists
  8 vampire knights
  5 purple draconians
  3 white draconians
  3 yellow draconians
  8 deep elf death magi
  10 deep elf annihilators (Elf:3)
  2 dire elephants (Spider:2)
  3 war gargoyles
  7 black draconians
  4 red draconians
  2 minotaurs
  4 spark wasps
  9 eidola
  3 crystal guardians (Vaults:4)
  5 fire dragons
  6 yaktaur captains
  13 ettins
  6 merfolk javelineers
  6 deep elf high priests (Elf:3)
  4 jiangshi (Crypt:3)
  A mummy priest (Crypt:3)
  3 merfolk impalers (Shoals:4)
  6 entropy weavers
  11 great orbs of eyes
  8 vault guards
  8 ice dragons
  Harold (D:10)
  4 peacekeepers
  5 rakshasas
  6 spriggan air magi
  A quicksilver dragon skeleton (Crypt:2)
  4 hydras
  2 radroaches
  A hell beast (Gauntlet)
  6 merfolk aquamancers (Shoals:4)
  6 boulder beetles
  2 merfolk avatars
  2 alligator snapping turtles
  A catoblepas (Shoals:4)
  A satyr (Shoals:2)
  25 centaur warriors
  6 ironbound frosthearts
  3 death knights
  A death scarab (Spider:1)
  6 two-headed ogres
  4 deep troll shamans
  6 deep troll earth magi
  4 death yaks
  9 tengu warriors
  A hell hog (Depths:1)
  8 spriggan berserkers
  4 demonic crawlers
  14 dancing weapons
  9 vampire magi
  5 orc high priests
  2 occultists (Depths:3)
  Sonja (Lair:5)
  3 hell knights (Crypt:2)
  Amaemon (D:9)
  14 deep elf knights
  A salamander mystic (Depths:1)
  5 iron trolls
  A titan skeleton (Crypt:3)
  4 soul eaters
  7 sun demons
  7 skysharks
  9 sea snakes
  A skyshark (shapeshifter) (Depths:2)
  8 glowing orange brains
  9 pharaoh ants
  A sixfirhy (Zot:3)
  A large abomination (D:7)
  A shadow wraith (Vaults:2)
  29 skeletal warriors
  58 deep trolls
  2 storm dragon skeletons
  A sun moth (Spider:3)
  An iron giant zombie (Crypt:1)
  4 arcanists
  10 orb spiders
  7 steelbarb worms
  7 flayed ghosts
  9 harpies
  A shadow dragon zombie (Crypt:2)
  Pikel (D:7)
  16 ironbound convokers
  14 deep elf archers
  A steelbarb worm (shapeshifter) (Depths:4)
  16 orc knights
  2 oklob plants
  27 deep elf zephyrmancers
  12 phantasmal warriors
  7 lindwurms
  29 deep elf pyromancers
  5 necromancers
  An eleionoma zombie (Crypt:2)
  13 fauns
  12 wolf spiders
  14 manticores
  A stone giant zombie (Crypt:3)
  5 orc sorcerers
  39 ugly things
  11 cyclopes
  14 moths of wrath
  12 merfolk sirens
  6 shining eyes
  4 salamanders (Depths:1)
  4 black mambas
  3 apocalypse crabs (Zot:1)
  3 kobold blastminers (Orc:1)
  5 eyes of devastation
  3 molten gargoyles (Lair:5)
  8 elephants
  2 meliai (Shoals:2)
  10 water nymphs
  2 orange demons
  3 gargoyles
  7 cane toads
  Joseph (D:7)
  7 torpor snails
  16 vault sentinels
  A green draconian zombie (Crypt:3)
  A nameless horror (Crypt:3)
  A rime drake (Lair:5)
  4 freezing wraiths
  7 komodo dragons
  25 yaktaurs
  An unseen horror (D:11)
  A kobold demonologist (D:9)
  A rime drake (shapeshifter) (D:14)
  An alligator snapping turtle skeleton (Crypt:1)
  A mana viper skeleton (Crypt:3)
  Psyche (D:9)
  A redback zombie (Crypt:2)
  6 tengu conjurers
  A yaktaur skeleton (Vaults:4)
  6 guardian mummies
  An efreet (D:15)
  A black draconian skeleton (Crypt:2)
  2 human skeletons
  A death yak skeleton (Crypt:2)
  23 merfolk
  14 trolls
  The ghost of occam the Chopper, an amateur MiFi of Okawaru (D:3)
  10 wind drakes
  10 saltlings (Orc:2)
  A harpy skeleton (Crypt:3)
  8 glass eyes
  11 hornets
  24 tarantellas
  30 blink frogs
  2 spriggan zombies
  A guardian serpent zombie (Crypt:2)
  15 dream sheep
  26 culicivoras
  9 snapping turtles
  94 slime creatures
  11 air elementals
  A vampire (D:13)
  32 jumping spiders
  5 wraiths
  5 fire elementals
  A deep troll skeleton (Vaults:1)
  2 fire bats (Depths:1)
  5 spriggans
  8 wyverns
  26 water elementals
  Grum (D:8)
  43 yaks
  5 golden eyes
  5 basilisks
  A steam dragon (D:8)
  5 wargs
  A yaktaur simulacrum (Vaults:1)
  A redback simulacrum (D:15)
  49 redbacks
  A two-headed ogre zombie (Crypt:3)
  A water moccasin (shapeshifter) (D:15)
  The ghost of avangion the Digger, an amateur GrEE of Vehumet (D:3)
  4 acid dragons
  7 water moccasins
  A two-headed ogre skeleton (Crypt:3)
  A glowing shapeshifter skeleton (Vaults:1)
  An ice beast (D:15)
  7 hell hounds
  A water nymph skeleton (Crypt:3)
  12 laughing skulls
  29 orc warriors
  2 black bears (Lair:4)
  20 wolves
  The ghost of Anno the Chiller, an amateur NaIE (D:3)
  8 centaurs
  6 ogres
  3 lemures (D:7)
  A phantom (D:6)
  A kobold brigand (D:9)
  5 bullfrogs
  2 earth elementals
  2 gnoll sergeants
  3 scorpions
  A glowing shapeshifter simulacrum (Vaults:4)
  An ogre simulacrum (Vaults:1)
  4 water moccasin zombies (Ossuary)
  15 wights
  A burial acolyte (Ossuary)
  A killer bee (D:9)
  A raiju skeleton (Crypt:3)
  2 bombardier beetles (D:5)
  3 howler monkeys (D:11)
  A yak skeleton (Crypt:3)
  10 electric eels
  3 lava snakes (Lair:5)
  4 hounds
  11 jellies (Lair:5)
  3 gnoll boudas
  A sleepcap (D:3)
  12 orc priests
  Jessica (D:3)
  2 iguanas
  13 orc wizards
  3 hell rats (Lair:3)
  A centaur simulacrum (D:9)
  2 crocodile zombies (Ossuary)
  A deep dwarf skeleton (Crypt:2)
  A naga skeleton (Crypt:1)
  2 mummies (Ossuary)
  28 gnolls
  4 adders
  2 shadow imps
  A white imp (D:15)
  4 ufetubi
  6 adder zombies (Ossuary)
  60 orcs
  10 ball pythons
  8 endoplasms
  3 giant cockroaches
  9 gnoll zombies (Ossuary)
  14 goblins
  11 hobgoblins
  2 jackals (D:2)
  13 kobolds
  3 quokkas
  A ball python zombie (Crypt:3)
  8 bats
  5 frilled lizards
  A frilled lizard zombie (Crypt:2)
  A jackal zombie (Ossuary)
  A kobold zombie (Crypt:3)
  An orc zombie (Ossuary)
  5 rats
  A rat skeleton (Crypt:1)
  2 rat zombies (D:4)
2134 creatures vanquished.

Vanquished Creatures (collateral kills)
  An ancient lich (Zot:5)
  An orb of fire (Zot:5)
  The ghost of Luser the Slayer, a veteran OnBe of Trog (Zot:2)
  A Killer Klown (Zot:4)
  Margery (Crypt:2)
  2 golden dragons (Zot:4)
  A pandemonium lord (Zot:5)
  2 electric golems
  3 tentacled monstrosities
  7 Orb Guardians (Zot:5)
  4 quicksilver dragons
  A searing wretch (Crypt:2)
  A death cob (Zot:4)
  A shadow dragon (Zot:3)
  7 storm dragons
  3 draconian monks
  A frost giant (D:13)
  Louise (Shoals:1)
  4 draconian shifters
  3 draconian stormcallers
  An ironbound preserver (Vaults:1)
  3 draconian annihilators
  3 green draconians
  3 black draconians
  A spark wasp (Spider:4)
  A red draconian (Zot:1)
  5 white draconians
  2 purple draconians
  3 yellow draconians
  A mummy priest (Crypt:3)
  3 fire dragons
  A yaktaur captain (Vaults:3)
  A centaur warrior (Vaults:1)
  An ironbound frostheart (Vaults:2)
  A death knight (Vaults:2)
  A two-headed ogre (Orc:2)
  A boulder beetle (D:13)
  A hell knight (Crypt:2)
  2 skysharks
  A sixfirhy (Zot:5)
  4 skeletal warriors
  A pharaoh ant (Spider:2)
  An obsidian statue (Zot:2)
  3 steelbarb worms (Spider:1)
  3 orc knights
  2 necromancers
  A large abomination (Zot:5)
  A deep elf zephyrmancer (D:13)
  A wolf spider (Spider:4)
  An ugly thing (D:14)
  An elephant (Lair:5)
  A black mamba (Lair:1)
  A meliai (Shoals:2)
  10 moths of wrath
  3 kobold blastminers
  A merfolk siren (Shoals:4)
  An apocalypse crab (Zot:1)
  2 merfolk
  2 trolls
  A wind drake (Shoals:1)
  6 blink frogs
  A tarantella (Spider:3)
  3 jumping spiders
  4 slime creatures
  A vampire (D:12)
  5 yaks
  A culicivora (Spider:4)
  3 basilisks
  A water moccasin (Lair:4)
  A demonspawn skeleton (Crypt:1)
  A centaur (D:13)
  The ghost of case the Magician, an amateur HuHW of Vehumet (D:3)
  A salamander zombie (Crypt:1)
  A yak skeleton (Crypt:1)
  An orc priest (Orc:1)
  An orc wizard (Orc:1)
  2 hell rats (Lair:3)
  A gnoll (D:9)
158 creatures vanquished.

Vanquished Creatures (others)
  An orb of fire (Zot:5)
  3 Killer Klowns (Zot:5)
  2 curse toes
  12 tentacled monstrosities
  5 Orb Guardians (Zot:5)
  A death cob (Zot:3)
  2 storm dragons (Zot:1)
  2 protean progenitors (Zot:5)
  A fire giant (Depths:2)
  A draconian shifter (Zot:1)
  A draconian annihilator (Zot:3)
  2 draconian stormcallers (Zot:3)
  6 green draconians
  A war gargoyle (Vaults:4)
  A purple draconian (Zot:5)
  2 white draconians
  2 yellow draconians (Zot:4)
  A merfolk aquamancer (Shoals:1)
  4 moths of wrath (Zot:1)
  2 dream sheep (Zot:5)
  A jumping spider (Spider:3)
  4 dancing weapons
  A redback (Spider:2)
  An orc (Elf:2)
  151 blazeheart cores
210 creatures vanquished.

Grand Total: 2502 creatures vanquished

Notes
Turn   | Place    | Note
-------+----------+-------------------------------------------
     0 | D:1      | snackwell the Gnoll Hunter began the quest for the Orb.
     0 | D:1      | Reached XP level 1. HP: 20/20 MP: 1/1
   137 | D:1      | Reached XP level 2. HP: 26/26 MP: 2/2
   512 | D:1      | Reached XP level 3. HP: 31/31 MP: 3/3
   811 | D:2      | Reached skill level 1 in Invocations
   957 | D:2      | Reached skill level 1 in Short Blades
   957 | D:2      | Reached skill level 1 in Long Blades
   957 | D:2      | Reached skill level 1 in Axes
   957 | D:2      | Reached skill level 1 in Maces & Flails
   957 | D:2      | Reached skill level 1 in Polearms
   957 | D:2      | Reached skill level 1 in Staves
   957 | D:2      | Reached skill level 1 in Throwing
   957 | D:2      | Reached skill level 1 in Armour
   957 | D:2      | Reached skill level 1 in Shields
   957 | D:2      | Reached skill level 1 in Unarmed Combat
   957 | D:2      | Reached skill level 1 in Spellcasting
   957 | D:2      | Reached skill level 1 in Evocations
   999 | D:2      | Reached skill level 1 in Shapeshifting
   999 | D:2      | Reached XP level 4. HP: 38/38 MP: 5/5
  1074 | D:2      | Reached skill level 1 in Conjurations
  1074 | D:2      | Reached skill level 1 in Hexes
  1074 | D:2      | Reached skill level 1 in Summonings
  1074 | D:2      | Reached skill level 1 in Necromancy
  1074 | D:2      | Reached skill level 1 in Translocations
  1074 | D:2      | Reached skill level 1 in Fire Magic
  1074 | D:2      | Reached skill level 1 in Ice Magic
  1074 | D:2      | Reached skill level 1 in Air Magic
  1074 | D:2      | Reached skill level 1 in Earth Magic
  1074 | D:2      | Reached skill level 1 in Alchemy
  1474 | D:2      | Found a faded altar of an unknown god.
  1499 | D:2      | Prayed at the altar of an unknown god.
  1499 | D:2      | Became a worshipper of Gozag Ym Sagoz the Greedy
  1633 | D:3      | Reached XP level 5. HP: 37/43 MP: 5/7
  2353 | D:3      | Noticed Jessica
  2355 | D:3      | Killed Jessica
  2367 | D:3      | Found a runed translucent gate.
  2367 | D:3      | Found a runed translucent gate.
  2367 | D:3      | Found a runed translucent gate.
  2367 | D:3      | Noticed avangion's ghost (amateur GrEE)
  2368 | D:3      | Noticed occam's ghost (amateur MiFi)
  2368 | D:3      | Noticed Anno's ghost (amateur NaIE)
  2368 | D:3      | Noticed case's ghost (amateur HuHW)
  2531 | D:4      | Noticed an ogre
  2579 | D:4      | Reached XP level 6. HP: 31/50 MP: 8/8
  2588 | D:4      | Reached skill level 5 in Fighting
  2588 | D:4      | Reached skill level 5 in Dodging
  2671 | D:4      | Found a sand-covered staircase.
  2703 | Ossuary  | Entered an ossuary
  2839 | Ossuary  | Reached XP level 7. HP: 36/56 MP: 10/10
  3197 | D:4      | Found a bloodstained altar of Trog.
  3253 | D:4      | Found a glowing silver altar of Zin.
  3526 | D:4      | Reached XP level 8. HP: 43/63 MP: 12/12
  3716 | D:4      | Identified the +7 sling "Inull" {freeze, rCorr Int+3}
  3773 | D:4      | Found a staircase to the Ecumenical Temple.
  4070 | D:5      | Entered Level 5 of the Dungeon
  4440 | D:5      | Found a blossoming altar of Fedhas.
  4448 | D:5      | Found a hide-covered altar of Uskayaw.
  4635 | D:5      | Got the Folio of the Pyromaniac and the Queen Bee
  4898 | D:6      | Found an iron altar of Okawaru.
  5442 | D:6      | Found a radiant altar of Vehumet.
  6050 | D:7      | Noticed Pikel
  6284 | D:7      | Noticed Joseph
  6293 | D:7      | Killed Joseph
  6294 | D:7      | Reached XP level 9. HP: 34/69 MP: 13/15
  6464 | D:7      | Killed Pikel
  6465 | D:7      | Reached skill level 5 in Stealth
  6860 | D:8      | Reached skill level 5 in Invocations
  6922 | D:8      | Noticed a hornet
  6933 | D:8      | Killed a hornet
  7041 | D:8      | Found a white marble altar of Elyvilon.
  7042 | D:8      | Found a stormy altar of Qazlal.
  7056 | D:8      | Noticed Grum
  7069 | D:8      | Killed Grum
  7080 | D:8      | Reached skill level 5 in Short Blades
  7080 | D:8      | Reached skill level 5 in Long Blades
  7080 | D:8      | Reached skill level 5 in Axes
  7080 | D:8      | Reached skill level 5 in Maces & Flails
  7080 | D:8      | Reached skill level 5 in Polearms
  7080 | D:8      | Reached skill level 5 in Staves
  7080 | D:8      | Reached skill level 5 in Throwing
  7080 | D:8      | Reached skill level 5 in Armour
  7080 | D:8      | Reached skill level 5 in Shields
  7080 | D:8      | Reached skill level 5 in Unarmed Combat
  7080 | D:8      | Reached skill level 5 in Spellcasting
  7080 | D:8      | Reached skill level 5 in Evocations
  7080 | D:8      | Reached XP level 10. HP: 77/77 MP: 17/17
  7116 | D:8      | Reached skill level 10 in Ranged Weapons
  7350 | D:8      | Found a flagged portal.
  7363 | Bailey   | Entered a bailey
  7488 | Bailey   | Acquired a scarf of resistance
  7517 | Bailey   | Noticed an orc high priest
  7532 | Bailey   | Killed an orc high priest
  7566 | Bailey   | Reached skill level 5 in Shapeshifting
  7910 | Bailey   | Found an iron altar of Okawaru.
  7912 | Bailey   | Noticed an orc sorcerer
  7912 | Bailey   | Noticed an orc knight
  7919 | Bailey   | Killed an orc sorcerer
  7921 | Bailey   | Killed an orc knight
  8080 | Bailey   | Got the Vellum of the Entourage
  8090 | Bailey   | Identified the +0 plate armour of the Mantidfly {Will++
                  | Str+3}
  8770 | D:8      | Reached skill level 5 in Conjurations
  8770 | D:8      | Reached skill level 5 in Hexes
  8770 | D:8      | Reached skill level 5 in Summonings
  8770 | D:8      | Reached skill level 5 in Necromancy
  8770 | D:8      | Reached skill level 5 in Translocations
  8770 | D:8      | Reached skill level 5 in Fire Magic
  8770 | D:8      | Reached skill level 5 in Ice Magic
  8770 | D:8      | Reached skill level 5 in Air Magic
  8770 | D:8      | Reached skill level 5 in Earth Magic
  8770 | D:8      | Reached skill level 5 in Alchemy
  8780 | D:8      | Reached XP level 11. HP: 74/85 MP: 20/20
  8788 | D:8      | Learned a level 3 spell: Summon Ice Beast
  8947 | D:9      | Noticed a cyclops
  8955 | D:9      | Killed a cyclops
  9026 | D:9      | You fall into a shaft and drop 1 floor!
  9026 | D:10     | Entered Level 10 of the Dungeon
  9490 | D:9      | Found a shimmering altar of Xom.
  9549 | D:9      | Noticed Psyche
  9556 | D:9      | Killed Psyche
  9594 | D:9      | Noticed Amaemon
  9686 | D:9      | Killed Amaemon
  9981 | D:9      | Noticed a boulder beetle
  9985 | D:9      | Found the +8 mithril axe "Arga" {speed, Will+}
 10123 | D:9      | Killed a boulder beetle
 10571 | D:10     | Found a staircase to the Lair.
 10572 | D:10     | Noticed a death yak
 10593 | D:10     | Killed a death yak
 11170 | D:10     | Noticed Harold
 11184 | D:10     | Killed Harold
 11185 | D:10     | Reached XP level 12. HP: 84/94 MP: 22/22
 11507 | D:10     | Found a staircase to the Orcish Mines.
 12405 | D:11     | Identified the +0 scale mail of the Thunderstorm {rF- rC++}
 12545 | D:11     | Noticed a +1 demon whip of pain
 12546 | D:11     | Found a runed translucent door.
 12738 | Lair:1   | Entered Level 1 of the Lair of Beasts
 13766 | Lair:2   | Noticed an eight-headed hydra
 13775 | Lair:2   | Killed an eight-headed hydra
 14278 | Lair:2   | Found a staircase to the Shoals.
 14802 | Lair:3   | Reached XP level 13. HP: 96/101 MP: 21/25
 14947 | Lair:3   | Found a gate leading to a gauntlet.
 14959 | Gauntlet | Entered a Gauntlet
 14959 | Gauntlet | Found a transporter.
 14959 | Gauntlet | Found a transporter.
 14962 | Gauntlet | Found a transporter.
 14966 | Gauntlet | Found a transporter.
 14966 | Gauntlet | Found a transporter.
 14966 | Gauntlet | Found a transporter.
 14985 | Gauntlet | Found a runed translucent door.
 15002 | Gauntlet | Found a transporter.
 15003 | Gauntlet | Found a transporter.
 15015 | Gauntlet | Found a transporter.
 15030 | Gauntlet | Found a transporter.
 15034 | Gauntlet | Found a transporter.
 15054 | Gauntlet | Found a transporter.
 15446 | Gauntlet | Noticed a minotaur
 15467 | Gauntlet | Killed a minotaur
 16400 | Lair:3   | Reached skill level 10 in Fighting
 16400 | Lair:3   | Reached skill level 10 in Dodging
 16714 | Lair:3   | Found a hole to the Spider Nest.
 17324 | Lair:4   | Learned a level 4 spell: Iskenderun's Mystic Blast
 17329 | Lair:4   | Learned a level 4 spell: Summon Blazeheart Golem
 17602 | Lair:4   | Reached skill level 10 in Invocations
 17602 | Lair:4   | Reached XP level 14. HP: 107/110 MP: 18/27
 17723 | Lair:4   | You fall into a shaft and drop 1 floor!
 17723 | Lair:5   | Entered Level 5 of the Lair of Beasts
 17723 | Lair:5   | Found a large runed translucent door.
 17723 | Lair:5   | Found a large runed translucent door.
 17761 | Lair:5   | Noticed Sonja
 17801 | Lair:5   | Killed Sonja
 18264 | Lair:4   | Noticed Rupert
 19600 | Lair:5   | Found a staircase to the Slime Pits.
 19601 | Lair:5   | Found a viscous altar of Jiyva.
 19638 | Lair:5   | Reached skill level 10 in Stealth
 20735 | Orc:1    | Entered Level 1 of the Orcish Mines
 21099 | Orc:1    | Found Asuywkae's Weapon Shop.
 21461 | Orc:2    | Entered Level 2 of the Orcish Mines
 21481 | Orc:2    | Paralysed by an orc sorcerer for 4 turns
 21717 | Orc:1    | Reached skill level 10 in Short Blades
 21717 | Orc:1    | Reached skill level 10 in Long Blades
 21717 | Orc:1    | Reached skill level 10 in Axes
 21717 | Orc:1    | Reached skill level 10 in Maces & Flails
 21717 | Orc:1    | Reached skill level 10 in Polearms
 21717 | Orc:1    | Reached skill level 10 in Staves
 21717 | Orc:1    | Reached skill level 10 in Throwing
 21717 | Orc:1    | Reached skill level 10 in Armour
 21717 | Orc:1    | Reached skill level 10 in Shields
 21717 | Orc:1    | Reached skill level 10 in Unarmed Combat
 21717 | Orc:1    | Reached skill level 10 in Spellcasting
 21717 | Orc:1    | Reached skill level 10 in Evocations
 22277 | Orc:2    | Found a staircase to the Elven Halls.
 22556 | Orc:2    | Reached XP level 15. HP: 118/118 MP: 29/29
 23169 | Orc:2    | Found Obeesed's Antique Armour Shop.
 23242 | Orc:2    | Found Diyfa's Armour Shop.
 23291 | Orc:2    | Found Locisus's Magic Scroll Emporium.
 23477 | Orc:2    | Found Ejicim's Antique Armour Boutique.
 23555 | Orc:2    | Bought a scroll of blinking for 75 gold pieces
 23558 | Orc:2    | Bought 2 fizzy amethyst potions for 52 gold pieces
 23558 | Orc:2    | Bought a scroll of acquirement for 1508 gold pieces
 23558 | Orc:2    | Acquired 630 gold pieces
 23562 | Orc:2    | Bought a scroll of identify for 20 gold pieces
 23562 | Orc:2    | Bought a scroll of identify for 20 gold pieces
 23564 | Orc:2    | Bought a scroll of identify for 20 gold pieces
 23567 | Orc:2    | Bought a scroll of identify for 58 gold pieces
 23571 | Orc:2    | Bought the +5 scale mail of the Gloaming {rF+ rN+ Will+}
                  | for 633 gold pieces
 25148 | D:13     | Noticed a frost giant
 25149 | D:13     | Noticed a tengu reaver
 25178 | D:13     | Killed a frost giant
 25394 | D:13     | Noticed a frost giant
 25660 | D:13     | Killed a tengu reaver
 26142 | D:13     | Found a gate to the Vaults.
 26307 | D:13     | Killed a frost giant
 26947 | D:14     | Reached skill level 10 in Shapeshifting
 27096 | D:14     | Reached XP level 16. HP: 114/127 MP: 30/30
 27549 | D:15     | Entered Level 15 of the Dungeon
 27999 | D:15     | Found a staircase to the Depths.
 28438 | D:15     | Identified the blade talisman of Woxzeaj {Str+4 Dex+4}
 29428 | D:3      | Killed case's ghost
 29434 | D:3      | Killed avangion's ghost
 29439 | D:3      | Killed occam's ghost
 29441 | D:3      | Killed Anno's ghost
 29664 | Lair:1   | Learned a level 3 spell: Mephitic Cloud
 29882 | Spider:1 | Entered Level 1 of the Spider Nest
 30383 | Spider:1 | Identified the serpent talisman of Ashenzari's Anger {Will+
                  | Str+3}
 30383 | Spider:1 | Noticed Aizul
 32291 | Spider:1 | Killed Aizul
 33224 | Spider:2 | Reached XP level 17. HP: 96/135 MP: 32/32
 33744 | Spider:2 | Reached skill level 10 in Conjurations
 33744 | Spider:2 | Reached skill level 10 in Hexes
 33744 | Spider:2 | Reached skill level 10 in Summonings
 33744 | Spider:2 | Reached skill level 10 in Necromancy
 33744 | Spider:2 | Reached skill level 10 in Translocations
 33744 | Spider:2 | Reached skill level 10 in Fire Magic
 33744 | Spider:2 | Reached skill level 10 in Ice Magic
 33744 | Spider:2 | Reached skill level 10 in Air Magic
 33744 | Spider:2 | Reached skill level 10 in Earth Magic
 33744 | Spider:2 | Reached skill level 10 in Alchemy
 36502 | Spider:4 | Entered Level 4 of the Spider Nest
 38765 | Spider:4 | Reached XP level 18. HP: 55/143 MP: 0/34
 39214 | Spider:4 | Got a gossamer rune of Zot
 39436 | Lair:1   | Learned a level 5 spell: Yara's Violent Unravelling
 39440 | Lair:1   | Learned a level 3 spell: Tukima's Dance
 39446 | Lair:1   | Learned a level 5 spell: Fireball
 39517 | Shoals:1 | Entered Level 1 of the Shoals
 40071 | Shoals:1 | Reached skill level 15 in Ranged Weapons
 40210 | Shoals:1 | Noticed Louise
 40242 | Shoals:1 | Killed Louise
 41381 | Shoals:1 | Acquired the amulet "Saskeuky" {^Fragile rPois Regen+ Dex+5
                  | Slay+2}
 41383 | Shoals:1 | Acquired 968 gold pieces
 41860 | Shoals:2 | Found a hide-covered altar of Uskayaw.
 42181 | Shoals:2 | Identified the +8 longbow of Doom {speed, rN+++ Will-
                  | Str+10 Stlth-}
 42283 | Shoals:2 | You fall into a shaft and drop 1 floor!
 42797 | Shoals:3 | Noticed Ilsuiw
 42865 | Shoals:3 | Killed Ilsuiw
 43461 | Shoals:4 | Entered Level 4 of the Shoals
 43461 | Shoals:4 | Noticed Mara
 43461 | Shoals:4 | Found a stormy altar of Qazlal.
 43758 | Shoals:4 | Paralysed by an air elemental for 1 turns
 43955 | Shoals:4 | Paralysed by an air elemental for 1 turns
 43959 | Shoals:4 | Paralysed by an air elemental for 1 turns
 44266 | Shoals:4 | Paralysed by an air elemental for 1 turns
 44331 | Shoals:4 | Noticed Polyphemus
 44352 | Shoals:4 | Killed Polyphemus
 44377 | Shoals:4 | Noticed snackwell's illusion
 44586 | Shoals:4 | Noticed snackwell's illusion
 44816 | Shoals:4 | Paralysed by an air elemental for 1 turns
 44822 | Shoals:4 | Paralysed by an air elemental for 1 turns
 45231 | Shoals:4 | Paralysed by an air elemental for 1 turns
 45568 | Shoals:4 | Identified the +1 robe "Efru" {rElec rF+ Dex+6}
 45661 | Shoals:4 | Paralysed by an air elemental for 1 turns
 45877 | Shoals:4 | Reached XP level 19. HP: 135/151 MP: 32/36
 45901 | Shoals:4 | Paralysed by an air elemental for 1 turns
 46960 | Shoals:4 | Paralysed by an air elemental for 1 turns
 47384 | Shoals:4 | Identified the staff "Lury" {rPois rF+ rC- Hexes Fire}
 47388 | Shoals:4 | Got a barnacled rune of Zot
 48479 | Vaults:1 | Entered Level 1 of the Vaults
 48665 | Vaults:1 | Found Saygaef's Weapon Shoppe.
 50148 | Vaults:1 | Reached skill level 15 in Invocations
 50511 | Vaults:1 | Reached XP level 20. HP: 97/160 MP: 29/37
 51221 | Vaults:2 | Found a staircase to the Crypt.
 51437 | Vaults:2 | Found Doczog Xikeg's Armour Emporium.
 52813 | Vaults:3 | Reached skill level 15 in Fighting
 52813 | Vaults:3 | Reached skill level 15 in Dodging
 53348 | Vaults:3 | Noticed Bai Suzhen
 54140 | Vaults:3 | Found Segh's Assorted Antiques.
 54148 | Vaults:3 | Bought a bone arbalest for 304 gold pieces
 54148 | Vaults:3 | Identified the +9 arbalest of Butchery {heavy, rN+ SInv}
                  | (You bought it in a shop on level 3 of the Vaults)
 54185 | Vaults:3 | Found a runed translucent door.
 54185 | Vaults:3 | Found a shimmering altar of Xom.
 54185 | Vaults:3 | Noticed Yhagabbo's ghost (adept DrCj)
 54267 | Vaults:3 | Killed Bai Suzhen
 54413 | Vaults:3 | Reached XP level 21. HP: 113/168 MP: 33/39
 55185 | Vaults:4 | Learned a level 5 spell: Irradiate
 55812 | Vaults:4 | Noticed Saint Roka
 55825 | Vaults:4 | Killed Saint Roka
 55826 | Vaults:4 | Reached skill level 15 in Stealth
 56912 | Elf:1    | Entered Level 1 of the Elven Halls
 57184 | Elf:1    | Reached skill level 15 in Short Blades
 57184 | Elf:1    | Reached skill level 15 in Long Blades
 57184 | Elf:1    | Reached skill level 15 in Axes
 57184 | Elf:1    | Reached skill level 15 in Maces & Flails
 57184 | Elf:1    | Reached skill level 15 in Polearms
 57184 | Elf:1    | Reached skill level 15 in Staves
 57184 | Elf:1    | Reached skill level 15 in Throwing
 57184 | Elf:1    | Reached skill level 15 in Armour
 57184 | Elf:1    | Reached skill level 15 in Shields
 57184 | Elf:1    | Reached skill level 15 in Unarmed Combat
 57184 | Elf:1    | Reached skill level 15 in Spellcasting
 57184 | Elf:1    | Reached skill level 15 in Evocations
 57314 | Elf:1    | Found Iroar's Antique Armour Emporium.
 57381 | Elf:1    | Got the Anthology of Mustering
 57428 | Elf:1    | Found a transporter.
 57433 | Elf:1    | Noticed Heg Cuhi's ghost (adept MiFi)
 57603 | Elf:1    | Found a transporter.
 58523 | Elf:2    | Found a runed translucent gate.
 58525 | Elf:2    | Found a runed translucent gate.
 58525 | Elf:2    | Found a runed translucent gate.
 58793 | Elf:2    | Found Vubavva's Antique Weapon Boutique.
 58932 | Elf:3    | Entered Level 3 of the Elven Halls
 58991 | Elf:3    | Reached XP level 22. HP: 177/177 MP: 41/41
 59553 | Elf:3    | Identified the +3 long sword of Irrepressible Laughter
                  | {pain, rF+ Str+3}
 60085 | Elf:3    | Identified the ring "Jihocwil" {rC+ rN+++ Str-4 Slay+4
                  | SInv}
 60277 | Elf:3    | Identified the +1 ring mail of Abiferynn {rN++ MP-9 Dex+5}
 60442 | Elf:3    | Identified the +6 scimitar of the Swamp {vamp, *Corrode Fly
                  | Str+3}
 60629 | Lair:1   | Upgraded the game from 0.31-a0-1611-g890cdf5628 to
                  | 0.31-a0-1612-g4aaf141004
 60787 | Slime:1  | Entered Level 1 of the Pits of Slime
 61150 | Slime:4  | Paralysed by a formless jellyfish for 1 turns
 61157 | Slime:4  | Paralysed by a formless jellyfish for 1 turns
 61907 | Slime:5  | Entered Level 5 of the Pits of Slime
 62412 | Slime:5  | Gained mutation: You have a pair of small horns on your
                  | head. [a shining eye]
 62419 | Slime:5  | Reached XP level 23. HP: 176/185 MP: 42/42
 62618 | Slime:5  | Noticed the Royal Jelly
 62619 | Slime:5  | Gained mutation: Your spells are a little easier to cast,
                  | but a little less powerful. [a shining eye]
 62621 | Slime:5  | Gained mutation: You do not regenerate when monsters are
                  | visible. [a shining eye]
 62646 | Slime:5  | Found the +13 scythe of Curses {drain, curses, ^Drain}
 62708 | Slime:5  | Found a viscous altar of Jiyva.
 62793 | Slime:5  | Killed the Royal Jelly
 62794 | Slime:5  | Identified the +0 scale mail "Cathebba" {rF+}
 63106 | Slime:5  | Identified the +0 ring mail of Zaxtygu {rF++ rN+}
 63232 | Slime:5  | Identified the +0 sling of Spontaneous Combustion {freeze,
                  | Int+4}
 63239 | Slime:5  | Got a slimy rune of Zot
 63253 | Slime:5  | Identified the +6 rapier "Mauhakou" {holy, rElec Int-3
                  | SInv}
 63259 | Slime:5  | Identified the +6 trident of Disgust {holy, *Noise rElec
                  | Str+8 Dex-4}
 63287 | Slime:5  | Identified the +8 arbalest of the Jumping Firefly {heavy,
                  | rElec Dex+2}
 63313 | Slime:5  | Identified the ring "Tobb" {rPois rF+ rN+ Will+ SInv}
 63367 | Slime:5  | Identified the +1 sling "Wirae" {freeze, rElec Will+}
 64034 | Vaults:2 | Bought the +0 hat "Wafoem" {^Contam rElec rN+ rCorr} for
                  | 355 gold pieces
 64319 | Depths:1 | Entered Level 1 of the Depths
 64674 | Depths:1 | Noticed a golden dragon
 64730 | Depths:1 | Killed a golden dragon
 64867 | Depths:1 | Found a gateway to Hell.
 64893 | Depths:1 | Gained mutation: Your spells are easier to cast, but less
                  | powerful. [a shining eye]
 64925 | Depths:1 | Noticed Norris
 64938 | Depths:1 | Killed Norris
 64967 | Depths:1 | Reached skill level 15 in Shapeshifting
 65203 | Depths:1 | Found a one-way gate leading to the halls of Pandemonium.
 65345 | Depths:1 | Noticed Nikola
 65368 | Depths:1 | Killed Nikola
 65402 | Depths:1 | Found a hide-covered altar of Uskayaw.
 66104 | Depths:2 | Found a white marble altar of Elyvilon.
 66108 | Depths:2 | Found a shimmering altar of Xom.
 66110 | Depths:2 | Found a one-way gateway to a ziggurat.
 66157 | Depths:2 | Found an iron altar of Okawaru.
 66686 | Depths:2 | Noticed a golden dragon
 66717 | Depths:2 | Killed a golden dragon
 67077 | Depths:2 | Reached XP level 24. HP: 195/195 MP: 43/43
 67816 | Depths:2 | Identified the +1 leather armour "Xixkej" {rC+ Regen+
                  | Slay-4}
 67833 | Depths:2 | Identified the +0 leather armour of Mutualism {Dex+3}
 68607 | Depths:3 | Found a one-way gate to the infinite horrors of the Abyss.
 68911 | Depths:3 | Noticed a juggernaut
 68924 | Depths:3 | Killed a juggernaut
 68969 | Depths:3 | Identified the ring of Miracles {rF+ rCorr EV+5}
 69058 | Depths:3 | Noticed Parghit
 69273 | Depths:4 | Entered Level 4 of the Depths
 69273 | Depths:4 | Found a runed translucent gate.
 69279 | Depths:4 | Noticed DeathSocks's ghost (veteran GrFi)
 69283 | Depths:4 | Noticed a caustic shrike
 69283 | Depths:4 | Noticed a caustic shrike
 69284 | Depths:4 | Noticed a caustic shrike
 69294 | Depths:4 | Killed a caustic shrike
 69301 | Depths:4 | Killed a caustic shrike
 69308 | Depths:4 | Killed a caustic shrike
 69575 | Depths:4 | Found Mastoudo's Weapon Shoppe.
 69577 | Depths:4 | Found Uruir's Weapon Shoppe.
 69577 | Depths:4 | Noticed Vv
 69622 | Depths:4 | Killed Vv
 69729 | Depths:4 | Found Ipla's Armour Shoppe.
 69843 | Depths:4 | Found Mosuy's Jewellery Shoppe.
 69871 | Depths:4 | Found a gate to the Realm of Zot.
 70039 | Depths:4 | Noticed the Enchantress
 70061 | Depths:4 | Killed the Enchantress
 70117 | Depths:4 | Learned a level 5 spell: Summon Mana Viper
 70125 | Depths:4 | Learned a level 7 spell: Spellforged Servitor
 70132 | Depths:4 | Learned a level 6 spell: Plasma Beam
 70132 | Depths:4 | Upgraded the game from 0.31-a0-1612-g4aaf141004 to
                  | 0.31-a0-1616-gbeaec30b81
 70448 | Depths:4 | Found a runed translucent gate.
 70449 | Depths:4 | Found a runed translucent gate.
 70525 | Depths:4 | Reached XP level 25. HP: 203/203 MP: 44/44
 71070 | Depths:4 | Killed DeathSocks's ghost
 71161 | Depths:4 | Got the Verses on Ouranomancy and the Deep Freeze
 71172 | Depths:4 | Got the Tractate on Planar Orogeny
 71180 | Depths:4 | Learned a level 6 spell: Dispersal
 71180 | Depths:4 | Acquired 588 gold pieces
 71523 | Crypt:1  | Entered Level 1 of the Crypt
 72253 | Crypt:1  | Found a runed translucent door.
 72253 | Crypt:1  | Noticed Uroast's ghost (veteran MiGl)
 72787 | Crypt:2  | Noticed Margery
 72802 | Crypt:2  | Killed Margery
 73154 | Crypt:3  | Entered Level 3 of the Crypt
 73358 | Crypt:2  | Reached skill level 15 in Conjurations
 73358 | Crypt:2  | Reached skill level 15 in Hexes
 73358 | Crypt:2  | Reached skill level 15 in Summonings
 73358 | Crypt:2  | Reached skill level 15 in Necromancy
 73358 | Crypt:2  | Reached skill level 15 in Translocations
 73358 | Crypt:2  | Reached skill level 15 in Fire Magic
 73358 | Crypt:2  | Reached skill level 15 in Ice Magic
 73358 | Crypt:2  | Reached skill level 15 in Air Magic
 73358 | Crypt:2  | Reached skill level 15 in Earth Magic
 73358 | Crypt:2  | Reached skill level 15 in Alchemy
 73734 | Crypt:3  | Found a staircase to the Tomb.
 73961 | Crypt:3  | Found a runed translucent gate.
 73961 | Crypt:3  | Found a runed translucent gate.
 73961 | Crypt:3  | Found a runed translucent gate.
 73962 | Crypt:3  | Noticed Zogul's ghost (veteran MiGl)
 74110 | Crypt:3  | Found an ancient bone altar of Kikubaaqudgha.
 74996 | Crypt:3  | Found a basalt altar of Yredelemnul.
 75224 | Crypt:3  | Found a basalt altar of Yredelemnul.
 75227 | Crypt:3  | Identified the staff "Lonas" {rF+ rN+ Will+ Str+2 Int-3
                  | Necro}
 75233 | Crypt:3  | Found an ancient bone altar of Kikubaaqudgha.
 75369 | Crypt:3  | Got Esuntuv's Almanac of Zombies
 75404 | Crypt:3  | Identified the ring of Garehud {rC- rN+ rCorr Slay+6}
 75404 | Crypt:3  | Identified the ring "Fuupneblo" {rElec rN+}
 75404 | Crypt:3  | Identified the ring of the Raven {rF+ rN+ Str+2 SInv}
 75410 | Crypt:3  | Identified the ring of Xaul {rPois Will+ Int+2}
 75732 | Crypt:3  | Got the Handbook of Erosion
 76115 | Zot:1    | Entered Level 1 of the Realm of Zot
 76165 | Zot:1    | Noticed an orb of fire
 76186 | Zot:1    | Reached XP level 26. HP: 205/213 MP: 44/44
 76677 | Zot:1    | Gained mutation: You are weak. (Str -2) [an orb of fire]
 76678 | Zot:1    | Paralysed by you for 1 turns
 76701 | Zot:1    | Gained mutation: You are dopey. (Int -2) [an orb of fire]
 76975 | Zot:1    | Identified the +7 hand axe of Cheibriados's Favour {flame,
                  | +Blink Will++ rCorr}
 77698 | Zot:2    | Noticed an orb of fire
 77830 | Zot:2    | Found a runed translucent gate.
 77830 | Zot:2    | Found an opulent altar of Gozag.
 77831 | Zot:2    | Found a runed translucent gate.
 77831 | Zot:2    | Found a runed translucent gate.
 77832 | Zot:2    | Noticed a Killer Klown
 77832 | Zot:2    | Noticed Luser's ghost (veteran OnBe)
 77874 | Zot:2    | Killed Luser's ghost
 78915 | Zot:3    | Identified the +9 rapier of Arrival {holy, Str-5 Dex+8}
 79195 | Zot:3    | Noticed an orb of fire
 79984 | Zot:4    | Noticed a Killer Klown
 79993 | Zot:4    | Killed a Killer Klown
 80298 | Zot:5    | Entered Level 5 of the Realm of Zot
 80330 | Zot:5    | Noticed an orb of fire
 80342 | Zot:5    | Killed a Killer Klown
 80343 | Zot:5    | Killed a Killer Klown
 80347 | Zot:5    | Killed an orb of fire
 80653 | Zot:5    | Noticed a dread lich
 80656 | Zot:5    | Reached XP level 27. HP: 211/221 MP: 33/45
 80665 | Zot:5    | Noticed an orb of fire
 80676 | Zot:5    | Killed a dread lich
 80690 | Zot:5    | Killed an ancient lich
 81059 | Zot:5    | Noticed an orb of fire
 81063 | Zot:5    | Noticed an orb of fire
 81069 | Zot:5    | Gained mutation: You have a pair of horns on your head. [an
                  | orb of fire]
 81082 | Zot:5    | Killed an orb of fire
 81320 | Zot:5    | Noticed an ancient lich
 81577 | Zot:5    | Got the Orb of Zot
 81591 | Zot:5    | Noticed Efeclean the pandemonium lord
 81598 | Zot:5    | Killed Efeclean the pandemonium lord
 81719 | Zot:2    | Killed an orb of fire
 81923 | D:9      | Noticed Ecakhen the pandemonium lord
 82046 | D:4      | Noticed Yschaf the pandemonium lord
 82094 | D:1      | Noticed Souvynei the pandemonium lord
 82097 | D:$      | Escaped with the Orb!

Illustrated notes

Levels and vault maps discovered:
D:1:      amcnicky_arrival_flooded_fountain, layout_basic
D:2:      layout_loops_ring, dreamdust_ecumenical_altar_angels_and_demons
D:3:      layout_basic, gammafunk_ghost_cemetery, minmay_misc_feat_tower,
          nicolae_hexahallways, guppyfry_early_lair_pool, uniq_jessica
D:4:      layout_loops_ring, mainiacjoe_overflow_concentric_impassable,
          mainiacjoe_overflow_brackets, minmay_temple_entry_mini_moons,
          enter_ossuary_4, serial_library_hellmonk_statue_hall, chequers_garden,
          minmay_ruptured
D:5:      layout_loops_cross, mainiacjoe_overflow_catwalk_spiral
D:6:      layout_basic, mainiacjoe_overflow_six_doors_small, pf_just_have_faith,
          nicolae_overflow_hidden_temple, roderic_roman_lattice
D:7:      layout_rooms, dreamdust_gnoll_farm, uniq_joseph, uniq_pikel
D:8:      layout_gridville, nicolae_overflow_squiral, enter_bailey_5, uniq_grum
D:9:      cheibrodos_helix_gallery, layout_small_grid, kennysheep_little_box,
          minmay_mirror_moons_of_madness, uniq_amaemon, uniq_psyche
D:10:     layout_basic, david_lair_generic, orc_0_dummy, uniq_harold
D:11:     layout_small_grid, nicolae_danse_macabre
D:12:     layout_loops_corners
D:13:     layout_gridville, david_vaults_1, minmay_radiant
D:14:     layout_roguey, hangedman_decor_riveting, kennysheep_generic_room_9
D:15:     gammafunk_depths_entry_grave, layout_loops_cross, serial_ice,
          serial_ice_e, serial_ice_h, serial_ice_g, serial_ice_b
Lair:1:   layout_big_grid, lemuel_fruit_tree
Lair:2:   layout_small_grid, mainiacjoe_shoals_entry_four_pools
Lair:3:   layout_hall_layers, nicolae_spider_entry_orb_guardian,
          gauntlet_entry_generic, serial_bayou_shore_b,
          infiniplex_staircase_pool
Lair:4:   layout_concentric_octagons, serial_bayou_shore_a, uniq_rupert
Lair:5:   cheibrodos_lair_end_hotspot, layout_loops_ring,
          minmay_slime_entry_jelly_boxes, uniq_sonja
Shoals:1: layout_shoals, uniq_louise
Shoals:2: layout_shoals, regret_index_shoals_crete
Shoals:3: layout_shoals, uniq_ilsuiw
Shoals:4: shoals_end_hellmonk_storm_palace [storm_palace_center_circular,
          storm_palace_corner_blocked, storm_palace_corner_pillars,
          storm_palace_corner_pillars, storm_palace_corner_altar],
          uniq_polyphemus, uniq_mara
Spider:1: layout_spider_delve, uniq_aizul
Spider:2: layout_spider_delve, beargit_elvish_explorers
Spider:3: layout_spider_delve, hangedman_spider_tarantella_strand
Spider:4: spider_rune_water
Slime:1:  layout_caves, basic_altar
Slime:2:  layout_caves
Slime:3:  cheibrodos_slime_lost_civilization_9, layout_caves
Slime:4:  layout_caves
Slime:5:  slime_pit_nicolae_amoeboid
Orc:1:    layout_diamond_mine, serial_shops, shop
Orc:2:    hellmonk_orc_salted, layout_diamond_mine
Elf:1:    eino_elf_arrival_the_gate, layout_gridlike,
          gammafunk_ghost_berserking_beasts, serial_shops, shop,
          minmay_elf_demonology, st_stairs_11
Elf:2:    elven_hall_of_blades_hangedman_original [nicolae_blade_tridents],
          layout_gridlike, serial_shops, nicolae_shop_tiny_real_fake_doors
Elf:3:    nooodl_elf_gasket, layout_rooms
Vaults:1: v_misc_14, nicolae_vaults_diagonal_hallway_8,
          nicolae_vaults_sightless_eye, serial_ice_h, nicolae_vaults_stand_back,
          vaults_mumra_chevron_long, hangedman_vaults_stitches, v_misc_18,
          nicolae_vaults_network_square, v_alt_pattern_5, v_misc_1,
          nicolae_vaults_double_plus_3, v_misc_22, vaults_room_pools,
          vaults_room_grid, vaults_room_hallway, layout_vaults_omnibox,
          serial_shops, nicolae_shop_trees
Vaults:2: vaults_room_boxed, hangedman_vaults_restitches,
          blue_anna_dwarven_crypt, vaults_standard_mumra_x,
          nicolae_vaults_tangram_2, vaults_dpeg_hooks,
          nicolae_vaults_what_the_h, nicolae_vaults_trapezoid_1,
          nicolae_vaults_heart-shaped_vault, layout_vaults_omnigrid,
          serial_shops, shop
Vaults:3: ebering_ghost_xom, nicolae_vaults_off_center_swirl, vaults_room_grid,
          nicolae_vaults_shelves_hall, v_alt_pattern_2,
          nicolae_vaults_trapezoid_lopsided_2, v_misc_4,
          hangedman_vaults_impose, vaults_mumra_minichess,
          nicolae_vaults_closet_pinwheel_2, ontoclasm_vaults_pinch, v_misc_31,
          vaults_standard_mumra_lines, nicolae_vaults_prndl, vaults_room_pools,
          vaults_mumra_lcd, vaults_room_hallway, layout_vaults_ring,
          serial_shops, nicolae_shop_tiny_waterfront, uniq_bai_suzhen
Vaults:4: nicolae_vaults_gold_heap, v_rooms_1, v_misc_28, v_misc_29,
          ontoclasm_vaults_ring_large, grunt_vaults_hallway_long,
          ontoclasm_vaults_idyll, nicolae_vaults_offset_grid_hallway_4,
          ontoclasm_vaults_gallery, hangedman_vaults_capsules,
          nicolae_vaults_little_squares_6, grunt_vaults_hallway_short,
          vaults_room_grunt_arrival_checkpoint,
          nicolae_vaults_closet_pinwheel_1, layout_vaults_omnicross,
          uniq_saint_roka
Crypt:1:  layout_chaotic_city, gammafunk_ghost_grave
Crypt:2:  layout_chaotic_city, uniq_margery
Crypt:3:  lightli_unholy_cathedral, layout_chaotic_city,
          nicolae_tomb_entry_rubble_hallway, gammafunk_ghost_split,
          minivault_14, hangedman_feature_mirror
Depths:1: layout_forbidden_donut, nrook_uturn, pan_entry,
          nicolae_hell_entry_hellmouth_sunbeams, nicolae_uskayaw_en_pointe,
          uniq_nikola, uniq_norris
Depths:2: hangedman_slaughterboxes, pan_entry, hell_entry
Depths:3: minmay_the_grid_octo_triangle [minmay_the_grid_octo_chip,
          minmay_the_grid_octo_prize_single_spiral,
          minmay_the_grid_octo_concentric], layout_gridlike, abyss_entry,
          nicolae_elevator_lobby_asterisk, hell_entry,
          kennysheep_generic_room_15, minmay_staircase_windowed_small,
          uniq_parghit
Depths:4: grunt_zot_entry_tricorne, layout_gridville, minmay_door_square,
          hangedman_geh_valley, abyss_entry_small_statue_room,
          hellmonk_ghost_time_enough, minmay_shop_grid_forest,
          serial_bayou_shore_b, uniq_vv, uniq_enchantress
Zot:1:    gammafunk_mikee_crab_dinner, layout_twisted_circle, zot_minivault_1
Zot:2:    layout_basic, ebering_ghost_gozag, lemuel_elevator
Zot:3:    regret_index_malice_mire, layout_misc_corridors
Zot:4:    kennysheep_ambush_hall, layout_misc_corridors
Zot:5:    layout_cathedral_of_symmetry

Skill      XL: |  1  2  3  4  5  6  7  8  9 10 11 12 13 14 15 16 17 18 19 20 21 22 23 24 25 26 27 |
---------------+----------------------------------------------------------------------------------+-----
Invocations    | 1 2 3 4 5 6 7 8 10 11 12 13 14 15 16 17 18 19 20 | 20.4
Short Blades   | 1 2 3 4 5 6 7 8 9 10 11 12 13 14 15 16 17 18 | 18.9
Long Blades    | 1 2 3 4 5 6 7 8 9 10 11 12 13 14 15 16 17 18 | 18.9
Axes           | 1 2 3 4 5 6 7 8 9 10 11 12 13 14 15 16 17 18 | 18.9
Maces & Flails | 1 2 3 4 5 6 7 8 9 10 11 12 13 14 15 16 17 18 | 18.9
Polearms       | 1 2 3 4 5 6 7 8 9 10 11 12 13 14 15 16 17 18 | 18.9
Staves         | 1 2 3 4 5 6 7 8 9 10 11 12 13 14 15 16 17 18 | 18.9
Throwing       | 1 2 3 4 5 6 7 8 9 10 11 12 13 14 15 16 17 18 | 18.9
Armour         | 1 2 3 4 5 6 7 8 9 10 11 12 13 14 15 16 17 18 | 18.9
Shields        | 1 2 3 4 5 6 7 8 9 10 11 12 13 14 15 16 17 18 | 18.9
Unarmed Combat | 1 2 3 4 5 6 7 8 9 10 11 12 13 14 15 16 17 18 | 18.9
Spellcasting   | 1 2 3 4 5 6 7 8 9 10 11 12 13 14 15 16 17 18 | 18.9
Evocations     | 1 2 3 4 5 6 7 8 9 10 11 12 13 14 15 16 17 18 | 18.9
Shapeshifting  | 1 2 3 4 5 6 7 8 9 10 11 12 13 14 15 16 17 | 17.4
Conjurations   | 1 2 3 4 5 6 7 8 9 10 11 12 13 14 15 16 | 16.1
Hexes          | 1 2 3 4 5 6 7 8 9 10 11 12 13 14 15 16 | 16.1
Summonings     | 1 2 3 4 5 6 7 8 9 10 11 12 13 14 15 16 | 16.1
Necromancy     | 1 2 3 4 5 6 7 8 9 10 11 12 13 14 15 16 | 16.1
Translocations | 1 2 3 4 5 6 7 8 9 10 11 12 13 14 15 16 | 16.1
Fire Magic     | 1 2 3 4 5 6 7 8 9 10 11 12 13 14 15 16 | 16.1
Ice Magic      | 1 2 3 4 5 6 7 8 9 10 11 12 13 14 15 16 | 16.1
Air Magic      | 1 2 3 4 5 6 7 8 9 10 11 12 13 14 15 16 | 16.1
Earth Magic    | 1 2 3 4 5 6 7 8 9 10 11 12 13 14 15 16 | 16.1
Alchemy        | 1 2 3 4 5 6 7 8 9 10 11 12 13 14 15 16 | 16.1
Stealth        | 3 4 5 6 7 8 9 10 11 12 13 14 15 16 17 18 19 | 19.0
Fighting       | 5 6 7 8 9 10 11 12 13 14 15 16 17 18 19 | 19.4
Dodging        | 5 6 7 8 9 10 11 12 13 14 15 16 17 18 19 | 19.4
Ranged Weapons | 9 10 11 12 13 14 15 16 17 18 19 20 | 20.4

Action                     |  1- 3 |  4- 6 |  7- 9 | 10-12 | 13-15 | 16-18 | 19-21 | 22-24 | 25-27 || total
---------------------------+-------+-------+-------+-------+-------+-------+-------+-------+-------++-------
  Melee: Broad axe         |       |       |       |   160 |   737 |  1297 |   955 |   293 |   272 ||  3714
         Bite              |       |       |       |    12 |   124 |   221 |   213 |   227 |   274 ||  1071
         Punch             |       |       |       |     7 |    60 |       |   114 |   178 |   229 ||   588
         Quick blade       |       |       |       |       |       |       |       |   611 |   786 ||  1397
         Headbutt          |       |       |       |       |       |       |       |   327 |   473 ||   800
         Unarmed           |       |       |       |       |       |       |       |     5 |    10 ||    15
   Fire: Shortbow          |    83 |   174 |   143 |       |       |       |       |       |       ||   400
         Sling             |       |       |   191 |   509 |   547 |   764 |    91 |       |       ||  2102
         Longbow           |       |       |       |       |       |       |   850 |  1505 |   921 ||  3276
  Throw: Dart              |       |       |     3 |     5 |       |       |     4 |     2 |       ||    14
         Boomerang         |       |       |       |     4 |     1 |       |       |       |       ||     5
         Throwing net      |       |       |       |       |     1 |       |       |       |       ||     1
         Javelin           |       |       |       |       |       |       |       |     3 |       ||     3
   Cast: Summon Ice Beast  |       |       |       |    13 |    20 |    11 |     1 |       |     1 ||    46
         Summon Blazeheart |       |       |       |       |    43 |   104 |    42 |     5 |     4 ||   198
         Iskenderun's Myst |       |       |       |       |     6 |     2 |       |     2 |     4 ||    14
         Mephitic Cloud    |       |       |       |       |       |     2 |     2 |       |       ||     4
         Fireball          |       |       |       |       |       |    36 |    28 |     6 |       ||    70
         Tukima's Dance    |       |       |       |       |       |     1 |    23 |       |       ||    24
         Yara's Violent Un |       |       |       |       |       |       |     6 |    14 |    14 ||    34
         Irradiate         |       |       |       |       |       |       |       |     1 |     2 ||     3
         Plasma Beam       |       |       |       |       |       |       |       |       |     8 ||     8
         Spellforged Servi |       |       |       |       |       |       |       |       |     7 ||     7
         Summon Mana Viper |       |       |       |       |       |       |       |       |     3 ||     3
         Dispersal         |       |       |       |       |       |       |       |       |     1 ||     1
 Invoke: Potion Petition   |       |       |       |       |     2 |     3 |     4 |     4 |     1 ||    14
         Call Merchant     |       |       |       |       |     2 |       |     1 |       |       ||     3
         Bribe Branch      |       |       |       |       |       |       |       |       |     5 ||     5
Ability: Begin Untransform |       |       |       |       |       |     1 |       |       |       ||     1
  Evoke: Wand              |       |       |       |     9 |    10 |    12 |     5 |     2 |     9 ||    47
         Phial of floods   |       |       |       |       |       |     1 |       |       |       ||     1
         Lightning rod     |       |       |       |       |       |       |     6 |     2 |       ||     8
         Phantom mirror    |       |       |       |       |       |       |     1 |       |       ||     1
         Condenser vane    |       |       |       |       |       |       |       |       |     1 ||     1
    Use: Scroll            |       |     9 |     6 |     9 |    13 |     7 |     5 |     7 |    12 ||    68
         Potion            |       |       |     1 |     1 |     8 |     8 |     8 |     9 |    10 ||    45
   Stab: Distracted        |       |       |       |     1 |     8 |    12 |    15 |    16 |    24 ||    76
         Sleeping          |       |       |       |       |     1 |     1 |     1 |     4 |     6 ||    13
         Confused          |       |       |       |       |       |     7 |       |       |     3 ||    10
         Invisible         |       |       |       |       |       |     4 |       |     7 |       ||    11
         Paralysed         |       |       |       |       |       |     3 |       |       |       ||     3
 Armour: Leather armour    |     5 |    42 |    72 |   147 |   314 |       |       |       |       ||   580
         Scale mail        |       |       |       |       |    95 |   842 |   717 |   459 |   340 ||  2453
  Dodge: Dodged            |     9 |    64 |   105 |   183 |   532 |   712 |   879 |   638 |   596 ||  3718
  Block: Other             |       |       |     6 |    46 |   133 |       |       |       |       ||   185
         Reflection        |       |       |     1 |     2 |     8 |    44 |    14 |       |       ||    69
         Buckler           |       |       |       |       |    20 |   966 |    87 |       |       ||  1073
   Form: Blade             |       |       |       |       |       |     2 |       |       |       ||     2
                           |       |       |       |       |       |     1 |       |       |       ||     1

Table legend: (Time is in decaauts)
 A = Elapsed time spent in this place.
 B = Non-inter-level travel time spent in this place.
 C = Inter-level travel time spent in this place.
 D = Time resting spent in this place.
 E = Time spent auto-exploring this place.
 F = Levels seen in this place.
 G = Mean time per level.
                   A        B        C        D        E       F      G
               +--------+--------+--------+--------+--------+-----+--------+
         Total |  78897 |  73052 |   5845 |   8700 |  44084 |  57 | 1384.2 |
       Dungeon |  18303 |  16569 |   1734 |   1761 |  11115 |  15 | 1220.2 |
          Lair |   8717 |   7510 |   1207 |   1023 |   4813 |   5 | 1743.4 |
        Shoals |   8310 |   7898 |    412 |   1281 |   4543 |   4 | 2077.5 |
   Spider Nest |   9002 |   8651 |    351 |   1380 |   4870 |   4 | 2250.5 |
    Slime Pits |   2623 |   2524 |     99 |    263 |   1243 |   5 |  524.6 |
  Orcish Mines |   2904 |   2685 |    219 |      8 |   2022 |   2 | 1452.0 |
   Elven Halls |   3407 |   3201 |    206 |     51 |   2250 |   3 | 1135.7 |
        Vaults |   8041 |   7427 |    614 |    612 |   4802 |   4 | 2010.2 |
         Crypt |   3910 |   3721 |    189 |    650 |   1925 |   3 | 1303.3 |
        Depths |   6326 |   5762 |    564 |    806 |   2883 |   4 | 1581.5 |
           Zot |   5287 |   5042 |    245 |    383 |   3187 |   5 | 1057.4 |
       Ossuary |    483 |    483 |      0 |     15 |    194 |   1 |  483.0 |
        Bailey |    933 |    933 |      0 |    250 |    169 |   1 |  933.0 |
      Gauntlet |    645 |    645 |      0 |    212 |     65 |   1 |  645.0 |
               +--------+--------+--------+--------+--------+-----+--------+

Top non-repeatable levels by time:
Shoals:4: 3595 daAuts
Spider:1: 3366 daAuts
Vaults:1: 2626 daAuts
Spider:4: 2433 daAuts
Vaults:3: 2396 daAuts
Depths:2: 2282 daAuts
  Lair:5: 2264 daAuts
  Lair:3: 2034 daAuts
    D:15: 1919 daAuts
    D:10: 1866 daAuts
   Orc:2: 1772 daAuts
Shoals:3: 1710 daAuts
Depths:4: 1688 daAuts
Spider:2: 1669 daAuts
 Crypt:3: 1583 daAuts
